 Dungeon Crawl Stone Soup version 0.27.1-34-g3ba077fa99 (webtiles) character file.

Game seed: 3179255388797876440

41 cbfl8 the Covered (level 3, -2/33 HPs)
             Began as a Minotaur Fighter on Jan 18, 2022.
             Slain by a gnoll (9 damage)
             ... on level 2 of the Dungeon.
             The game lasted 00:02:16 (1898 turns).

cbfl8 the Covered (Minotaur Fighter)                Turns: 1898, Time: 00:02:16

Health: -2/33      AC:  7    Str: 20    XL:     3   Next: 32%
Magic:  2/2        EV:  7    Int:  6    God:
Gold:   21         SH:  9    Dex:  9    Spells: 2/2 levels left

rFire    . . .     SeeInvis .   i - +0 mace (vorpal)
rCold    . . .     Faith    .   c - +0 kite shield
rNeg     . . .     Spirit   .   b - +0 scale mail
rPois    .         Reflect  .   (helmet restricted)
rElec    .         Harm     .   (no cloak)
rCorr    .         Rampage  .   (no gloves)
Will     .....                  (no boots)
Stlth    ..........             (no amulet)
HPRegen  0.11/turn              (no ring)
MPRegen  0.08/turn              (no ring)

@: no status effects
A: horns 2, retaliatory headbutt
a: no special abilities


You were on level 2 of the Dungeon.
You visited 1 branch of the dungeon, and saw 2 of its levels.

You collected 21 gold pieces.

Inventory:

Hand Weapons
 a - a +0 war axe
 i - a +0 vorpal mace (weapon)
Armour
 b - a +0 scale mail (worn)
 c - a +0 kite shield (worn)
Jewellery
 h - a ring of protection from cold
Scrolls
 e - a scroll of teleportation {unknown}
 g - a scroll of amnesia {unknown}
Potions
 d - a potion of might
 f - a potion of resistance {unknown}


   Skills:
 + Level 4.0 Fighting
 + Level 3.2 Axes
 + Level 4.1 Armour
 + Level 4.1 Shields


You had 2 spell levels left.
You didn't know any spells.
Your spell library was empty.

Dungeon Overview and Level Annotations

Branches:
Dungeon (2/15)

Altars:


Innate Abilities, Weirdness & Mutations

You have a pair of horns on your head.
You reflexively headbutt those who attack you in melee.


Message History

Things that are here:
a +0 whip; a kobold corpse
There is a stone staircase leading up here.
A hobgoblin comes into view.
The hobgoblin shouts!
The hobgoblin hits you.
You barely miss the hobgoblin. Your headbutt misses the hobgoblin.
The hobgoblin hits you.
You closely miss the hobgoblin. You block the hobgoblin's attack.
The hobgoblin completely misses you.
You barely miss the hobgoblin. You block the hobgoblin's attack.
You hit the hobgoblin but do no damage. You headbutt the hobgoblin.
You kill the hobgoblin!
You see here a hobgoblin corpse.
You start resting.
HP restored.
You start waiting.
Done waiting.
i - a +0 vorpal mace (weapon)
Found an escape hatch in the ceiling.
You open the door.
There is an open door here.
Found a chain mail.
You see here a +0 chain mail.
A gnoll comes into view. It is wielding a +0 halberd.
The gnoll shouts!
A hobgoblin comes into view.
The hobgoblin shouts!
You hear a shout!
Found a stone staircase leading down.
The gnoll hits you with a +0 halberd.
A hobgoblin comes into view.
The gnoll hits you with a +0 halberd!
You hit the gnoll.
The gnoll is moderately wounded.
The gnoll hits you with a +0 halberd. The gnoll hits you with a +0 halberd!
* * * LOW HITPOINT WARNING * * *
Unknown command.
You barely miss the gnoll.
The gnoll is moderately wounded.
The gnoll hits you with a +0 halberd!
You die...

#############
#...........#
#[#########.#
#.#
#######.#######
#.#
#.>....@gg.....
#.#
#...#####.#####
#.# #. ..# #.#
... #.# ....
#.# .... #.#
g... #.# #.#


You could see a gnoll and a hobgoblin.

Vanquished Creatures
  2 dart slugs (D:1)
  3 bats (D:1)
  5 endoplasms (D:1)
  A giant cockroach (D:1)
  4 goblins (D:1)
  2 hobgoblins
  2 quokkas (D:1)
  5 ball pythons (D:1)
  2 frilled lizards (D:1)
  3 kobolds
  5 rats (D:1)
34 creatures vanquished.

Notes
Turn   | Place    | Note
-------+----------+-------------------------------------------
     0 | D:1      | cbfl8 the Minotaur Fighter began the quest for the Orb.
     0 | D:1      | Reached XP level 1. HP: 19/19 MP: 0/0
   415 | D:1      | Reached XP level 2. HP: 21/27 MP: 1/1
   860 | D:1      | Reached XP level 3. HP: 33/33 MP: 2/2
  1898 | D:2      | Slain by a gnoll

Illustrated notes

Levels and vault maps discovered:
D:1:      minmay_arrival_floating_metal, layout_basic
D:2:      layout_basic, st_stairs_1

Skill      XL: |  1  2 |
---------------+-------+-----
Fighting       | 4 |  4.0
Armour         | 4 |  4.1
Axes           | 3 |  3.2
Shields        | 4 |  4.1

Action                   || total
-------------------------++-------
Melee: War axe           ||    66
       Headbutt          ||     7
       Mace              ||     2
Armor: Scale mail        ||    27
Dodge: Dodged            ||    21
Block: Kite shield       ||    34
